 Dungeon Crawl Stone Soup version 0.25-a0-942-g87a53962fc (webtiles) character file.

Game seed: 16324711575543372688, levelgen mode: deterministic

2 mortelune the Skirmisher (level 1, -4/19 HPs)
             Began as a Centaur Fighter on May 8, 2020.
             Slain by a kobold
             ... wielding a +0 short sword
              (5 damage)
             ... on level 1 of the Dungeon.
             The game lasted 00:00:30 (251 turns).

mortelune the Skirmisher (Centaur Fighter)           Turns: 251, Time: 00:00:31

Health: -4/19      AC:  6    Str: 18    XL:     1   Next: 33%
Magic:  1/1        EV:  5    Int:  7    God:
Gold:   20         SH:  8    Dex:  8    Spells: 0/0 levels left

rFire    . . .     SeeInvis .   a - +0 trident
rCold    . . .     Gourm    .   c - +0 kite shield
rNeg     . . .     Faith    .   b - +0 scale mail
rPois    .         Spirit   .   (no helmet)
rElec    .         Reflect  .   (no cloak)
rCorr    .         Harm     .   (no gloves)
MR       .....                  (no barding)
Stlth    ..........             (no amulet)
HPRegen  0.06/turn              (no ring)
MPRegen  0.07/turn              (no ring)

@: very quick
A: large, hooves 3, deformed body, speed 2, tough skin 3
a: no special abilities


You were on level 1 of the Dungeon.
You were not hungry.

You visited 1 branch of the dungeon, and saw 1 of its levels.

You collected 20 gold pieces.

Inventory:

Hand Weapons
 a - a +0 trident (weapon)
Armour
 b - a +0 scale mail (worn)
 c - a +0 kite shield (worn)
Scrolls
 e - a scroll of identify {unknown}
 h - a scroll of enchant armour {unknown}
 i - a scroll of fog {unknown}
Potions
 d - a potion of might
 j - a potion of degeneration {unknown}
Comestibles
 f - a ration
 g - 2 chunks of flesh


   Skills:
 + Level 3.0 Fighting
 * Level 2.0 Polearms
 - Level 2.1 Armour
 - Level 2.1 Shields


You couldn't memorise any spells.
You didn't know any spells.
Your spell library was empty.

Dungeon Overview and Level Annotations

Branches:
Dungeon (1/15)

Altars:


Innate Abilities, Weirdness & Mutations

You have hooves in place of feet.
Armour fits poorly on your strangely shaped body.
You cover ground very quickly.
You have extremely tough skin. (AC +3)


Message History

You closely miss the kobold. Your kick misses the kobold.
The kobold is heavily wounded.
The kobold hits you with a +0 short sword.
The rat bites you but does no damage.
You see here a +0 dagger.
You closely miss the rat. Your kick misses the rat. You block the rat's attack.
You closely miss the rat. The rat bites you. x2
* * * LOW HITPOINT WARNING * * *
You hit the rat.
You kill the rat!
Your Polearms skill increases to level 2!
You closely miss the kobold.
The kobold is heavily wounded.
The kobold hits you but does no damage.
The kobold hits you with a +0 short sword.
* * * LOW HITPOINT WARNING * * *
You hit the kobold but do no damage.
The kobold is heavily wounded.
The kobold hits you with a +0 short sword.
You die...

#...# ##).## ###..## ......
#....# (#.#. ## ##...# #.....
... ##..### #.#.#.# .... #....r#
.....# ....####.###K# #.#.###
.........# #@##########.(...#
.#.#.#.#(.# #.........>..##.##
...........# ###########......#
...#.#.#.#.## #.......##...##..#
.(.........####.#####....####.##
...#.#.#.#..##..##....#### #...
...............##.....# ##..
#..#.#.#.#...####.#.#.# ###.
............# ##.....## #...


You could see a kobold and a rat.

Vanquished Creatures
  A hobgoblin (D:1)
  A kobold (D:1)
  A rat (D:1)
3 creatures vanquished.

Notes
Turn   | Place    | Note
-------+----------+-------------------------------------------
     0 | D:1      | mortelune the Centaur Fighter began the quest for the Orb.
     0 | D:1      | Reached XP level 1. HP: 19/19 MP: 1/1
   251 | D:1      | Slain by a kobold

Levels and vault maps discovered:
D:1:      eino_arrival_cavern_b, layout_rooms, serial_co_window_serial,
          co_window_paths_a, co_window_corner_a, co_window_paths_b,
          co_window_of_opportunity_a, co_window_paths_a, co_window_paths_a,
          co_window_corner_a, co_window_broadway_b, co_window_corner_ca,
          co_window_cross_3, co_window_of_opportunity_c, co_window_corner_ca,
          co_window_unsneaky_path_c, co_window_cross_2, glass_columns_a,
          glass_columns_b, glass_columns_a, glass_columns_c, glass_columns_a,
          minmay_lizard_pond

Skill      XL: |  1 |
---------------+----+-----
Polearms       | 2 |  2.0
Fighting       | |  3.0
Armour         | |  2.1
Shields        | |  2.1

Action                   || total
-------------------------++-------
Melee: Trident           ||    17
       Kick              ||     3
Armor: Scale mail        ||     2
Dodge: Dodged            ||     1
Block: Kite shield       ||     5

Table legend:
 A = Non-vault XP
 B = Vault XP
 C = Vault XP percentage of total XP
 D = Non-vault monster count
 E = Vault monster count
 F = Vault count percentage of total count
                 A         B        C        D         E       F
            +---------+---------+-------+---------+---------+-------
      Total |       4 |       0 |   0.0 |       3 |       0 |   0.0
            +---------+---------+-------+---------+---------+-------
        D:1 |       4 |       0 |   0.0 |       3 |       0 |   0.0
            +---------+---------+-------+---------+---------+-------
